 Dungeon Crawl Stone Soup version 0.24.1-8-ga250c9d538 (webtiles) character file.

Game seed: 1797799339935533064, levelgen mode: deterministic

1625 Lemonice the Charmwright (level 8, -13/64 HPs)
             Began as a Gnoll Skald on Apr 29, 2020.
             Was an Initiate of Ru.
             Mangled by an orc warrior
             ... wielding a +0 war axe
              (24 damage)
             ... on level 5 of the Dungeon.
             The game lasted 00:14:24 (6196 turns).

Lemonice the Charmwright (Gnoll Skald)              Turns: 6196, Time: 00:14:25

Health: -13/64     AC:  6    Str: 16    XL:     8   Next: 97%
Magic:  6/17       EV: 15    Int: 15    God:    Ru [......]
Gold:   256        SH:  0    Dex: 15    Spells: 8/19 levels left

rFire    . . .     SeeInvis .   a - +0 mace
rCold    . . .     Gourm    .   (no shield)
rNeg     . . .     Faith    .   b - +0 leather armour
rPois    .         Spirit   .   (no helmet)
rElec    .         Reflect  .   z - +2 cloak
rCorr    .         Harm     .   (no gloves)
MR       .....                  (no boots)
Stlth    ++........             (no amulet)
HPRegen  1.20/turn              (no ring)
MPRegen  0.15/turn              (no ring)

@: very slightly contaminated, regenerating (expiring)
A: distributed training, fangs 1, strong nose
a: Renounce Religion


You were on level 5 of the Dungeon.
You worshipped Ru.
Ru was noncommittal.
You were not hungry.

You visited 2 branches of the dungeon, and saw 7 of its levels.

You collected 256 gold pieces.

Inventory:

Hand Weapons
 a - a +0 mace (weapon)
Missiles
 u - 2 boomerangs (quivered)
Armour
 b - a +0 leather armour (worn)
 z - a +2 cloak (worn)
Jewellery
 i - a +2 ring of evasion {unknown}
 r - an uncursed ring of protection from magic {unknown}
 y - an uncursed ring of protection from fire {unknown}
 B - an uncursed ring of poison resistance {unknown}
Wands
 q - a wand of acid (10)
Scrolls
 c - 6 scrolls of identify {unknown}
 f - a scroll of random uselessness {unknown}
 h - 3 scrolls of blinking {unknown}
 j - 5 scrolls of remove curse {unknown}
 k - 5 scrolls of teleportation {unknown}
 p - a scroll of noise {unknown}
 s - a scroll of enchant armour {unknown}
 w - a scroll of enchant weapon {unknown}
 C - a scroll of amnesia {unknown}
 D - a scroll of fear {unknown}
Potions
 e - 2 potions of lignification {unknown}
 g - 3 potions of curing {unknown}
 m - a potion of magic {unknown}
 n - a potion of mutation {unknown}
 o - a potion of degeneration {unknown}
 t - a potion of berserk rage {unknown}
 v - 2 potions of flight {unknown}
 x - a potion of might {unknown}
 A - a potion of haste {unknown}
 E - a potion of agility {unknown}
Comestibles
 d - 13 rations


   Skills:
 + Level 5.9 Fighting
 + Level 3.6 Short Blades
 + Level 3.6 Long Blades
 + Level 3.6 Axes
 + Level 5.9 Maces & Flails
 + Level 3.6 Polearms
 + Level 3.6 Staves
 + Level 3.6 Slings
 + Level 3.6 Bows
 + Level 3.6 Crossbows
 + Level 3.6 Throwing
 + Level 4.5 Armour
 + Level 5.9 Dodging
 + Level 3.6 Stealth
 + Level 3.6 Shields
 + Level 3.6 Unarmed Combat
 + Level 6.2 Spellcasting
 + Level 3.0 Conjurations
 + Level 3.0 Hexes
 + Level 6.3 Charms
 + Level 3.0 Summonings
 + Level 3.0 Necromancy
 + Level 3.0 Translocations
 + Level 3.0 Transmutations
 + Level 3.0 Fire Magic
 + Level 3.0 Ice Magic
 + Level 3.0 Air Magic
 + Level 3.0 Earth Magic
 + Level 3.0 Poison Magic
 + Level 4.0 Invocations
 + Level 3.6 Evocations


You had 8 spell levels left.
You knew the following spells:

 Your Spells              Type           Power        Failure   Level  Hunger
a - Infusion              Chrm           ###.         1%          1    None
b - Song of Slaying       Chrm           ###.....     1%          2    #......
c - Shroud of Golubria    Chrm/Tloc      ###...       3%          2    #......
d - Regeneration          Chrm/Necr      ###.......   8%          3    ##.....
e - Spectral Weapon       Hex/Chrm       ###.....     8%          3    ##.....

Your spell library contained the following spells:

 Spells                   Type           Power        Failure   Level  Hunger


Dungeon Overview and Level Annotations

Branches:
Dungeon (6/15)             Temple (1/1) D:5

Altars:
Ashenzari
Cheibriados
Dithmenos
Fedhas
Gozag
Hepliaklqana
Kikubaaqudgha
Makhleb
Nemelex Xobeh
Okawaru
Ru
Sif Muna
Trog
Uskayaw
Vehumet
Wu Jian
Xom
Yredelemnul
Zin
The Shining One

Shops:
D:4 (


Innate Abilities, Weirdness & Mutations

Your experience applies equally to all skills.
You have very sharp teeth.
Your uncanny sense of smell can sniff out nearby items.


Message History

The orc warrior is severely wounded.
The orc warrior hits you with a +0 war axe!!
* * * LOW HITPOINT WARNING * * *
You feel much better.
The orc warrior hits you with a +0 war axe!
* * * LOW HITPOINT WARNING * * *
Casting: Shroud of Golubria (safe; 3% risk of failure)
Confirm with . or Enter, or press ? or * to list all spells.
You miscast Regeneration.
You are very lightly contaminated with residual magic.
You shiver with cold.
You are no longer magically infusing your attacks.
The orc warrior hits you with a +0 war axe.
* * * LOW HITPOINT WARNING * * *
Casting: Regeneration (safe; 8% risk of failure)
Confirm with . or Enter, or press ? or * to list all spells.
Your skin crawls.
Your skin is crawling a little less now.
The orc warrior hits you with a +0 war axe!!
You die...

............##.....#
#.#.#.#..#
###########.#####..#
#.#.#.#..# ######.#####..#
#.....#..#
#.............#####.#.#.....
#.####.#..#.........#.#....#
#.# #.#..#...#####.#.###).#
#.####.#..#.........#.......
#.........#.#.##.#..##.###'#
######.#...@#.##....##......
#....#o#...............
###..>...##....###.>...
#########....####....#
###.## ####...........##
###### ###.#
#.##...........# #...#
#.##.####.###### #####
#....# #.# #.##.# #.#


You could see an orc warrior.

Vanquished Creatures
  A black bear (D:6)
  2 phantoms (D:5)
  5 ogres
  A centaur (D:5)
  A bullfrog (D:6)
  2 scorpions
  2 crimson imps
  A bullfrog zombie (D:4)
  A jelly (D:5)
  4 hounds
  3 orc priests
  A centaur skeleton (D:5)
  2 orc wizards (D:6)
  2 worker ants (D:4)
  A hound skeleton (D:6)
  A howler monkey zombie (D:6)
  9 adders
  3 oozes
  2 adder skeletons
  A dart slug (D:3)
  3 worms
  A leopard gecko (D:1)
  17 orcs
  5 giant cockroaches
  8 goblins
  3 hobgoblins (D:1)
  5 jackals
  3 ball pythons
  8 bats
  6 frilled lizards
  A jackal skeleton (D:6)
  11 kobolds
  A quokka zombie (D:6)
  5 rats
122 creatures vanquished.

Notes
Turn   | Place    | Note
-------+----------+-------------------------------------------
     0 | D:1      | Lemonice the Gnoll Skald began the quest for the Orb.
     0 | D:1      | Reached XP level 1. HP: 20/20 MP: 6/6
    39 | D:1      | Reached XP level 2. HP: 14/26 MP: 7/7
    67 | D:1      | Learned a level 2 spell: Song of Slaying
    70 | D:1      | Learned a level 2 spell: Shroud of Golubria
   434 | D:1      | Reached XP level 3. HP: 26/31 MP: 9/9
   473 | D:1      | Reached skill level 5 in Spellcasting
   869 | D:2      | Learned a level 3 spell: Regeneration
   873 | D:2      | Learned a level 3 spell: Spectral Weapon
   908 | D:2      | Found a shimmering blue altar of Sif Muna.
   947 | D:2      | Reached skill level 1 in Invocations
  1037 | D:2      | Reached skill level 1 in Short Blades
  1037 | D:2      | Reached skill level 1 in Long Blades
  1037 | D:2      | Reached skill level 1 in Axes
  1037 | D:2      | Reached skill level 1 in Polearms
  1037 | D:2      | Reached skill level 1 in Staves
  1037 | D:2      | Reached skill level 1 in Slings
  1037 | D:2      | Reached skill level 1 in Bows
  1037 | D:2      | Reached skill level 1 in Crossbows
  1037 | D:2      | Reached skill level 1 in Throwing
  1037 | D:2      | Reached skill level 1 in Stealth
  1037 | D:2      | Reached skill level 1 in Shields
  1037 | D:2      | Reached skill level 1 in Unarmed Combat
  1037 | D:2      | Reached skill level 1 in Evocations
  1291 | D:2      | Noticed an ogre
  1519 | D:2      | Killed an ogre
  1519 | D:2      | Reached skill level 1 in Conjurations
  1519 | D:2      | Reached skill level 1 in Hexes
  1519 | D:2      | Reached skill level 1 in Summonings
  1519 | D:2      | Reached skill level 1 in Necromancy
  1519 | D:2      | Reached skill level 1 in Translocations
  1519 | D:2      | Reached skill level 1 in Transmutations
  1519 | D:2      | Reached skill level 1 in Fire Magic
  1519 | D:2      | Reached skill level 1 in Ice Magic
  1519 | D:2      | Reached skill level 1 in Air Magic
  1519 | D:2      | Reached skill level 1 in Earth Magic
  1519 | D:2      | Reached skill level 1 in Poison Magic
  1519 | D:2      | Reached XP level 4. HP: 17/38 MP: 0/11
  1519 | D:2      | Reached XP level 5. HP: 19/43 MP: 0/12
  2802 | D:3      | Reached XP level 6. HP: 21/50 MP: 13/13
  2861 | D:3      | Found a burning altar of Makhleb.
  3137 | D:3      | Found a shattered altar of Ashenzari.
  3432 | D:4      | Found Linouf's Weapon Shoppe.
  3447 | D:4      | Noticed a phantom
  3467 | D:4      | Reached skill level 5 in Fighting
  3467 | D:4      | Reached skill level 5 in Maces & Flails
  3467 | D:4      | Reached skill level 5 in Dodging
  3557 | D:4      | Reached XP level 7. HP: 48/56 MP: 15/15
  3994 | D:4      | Found an iron altar of Okawaru.
  3999 | D:4      | Found a blossoming altar of Fedhas.
  4002 | D:4      | Found a glowing silver altar of Zin.
  4131 | D:5      | Entered Level 5 of the Dungeon
  4464 | D:5      | Found a staircase to the Ecumenical Temple.
  4480 | Temple   | Entered the Ecumenical Temple
  4613 | Temple   | Became a worshipper of Ru the Awakened
  4652 | D:5      | Reached XP level 8. HP: 61/63 MP: 16/16
  4793 | D:5      | Found an ancient bone altar of Kikubaaqudgha.
  5592 | D:6      | Found a sparkling altar of Nemelex Xobeh.
  5744 | D:6      | HP: 2/64 [orc warrior/+0 dire flail (27)]
  6196 | D:5      | Mangled by an orc warrior

Levels and vault maps discovered:
D:1:      dpeg_arrival_brainrot, layout_basic
D:2:      layout_basic, old_standard_altar
D:3:      layout_basic, lemuel_doored_altar, minivault_4,
          makhleb_heckhound_becter
D:4:      layout_loops_ring, grunt_temple_overflow_diamond, serial_shops, shop,
          first_ration, minmay_box_of_dots
D:5:      layout_basic, kiku_gazebo_pond_becter, minmay_temple_entry_waves,
          minmay_misc_feat_enclosed
D:6:      layout_loops_ring, nemelex_diamond_rough_becter
Temple:   eino_narrow_crystal_temple

Skill      XL: |  1  2  3  4  5  6  7  8 |
---------------+-------------------------+-----
Spellcasting   | 5 6 |  6.2
Invocations    | 1 2 3 4 |  4.0
Short Blades   | 1 2 3 |  3.6
Long Blades    | 1 2 3 |  3.6
Axes           | 1 2 3 |  3.6
Polearms       | 1 2 3 |  3.6
Staves         | 1 2 3 |  3.6
Slings         | 1 2 3 |  3.6
Bows           | 1 2 3 |  3.6
Crossbows      | 1 2 3 |  3.6
Throwing       | 1 2 3 |  3.6
Stealth        | 1 2 3 |  3.6
Shields        | 1 2 3 |  3.6
Unarmed Combat | 1 2 3 |  3.6
Evocations     | 1 2 3 |  3.6
Conjurations   | 1 2 3 |  3.0
Hexes          | 1 2 3 |  3.0
Summonings     | 1 2 3 |  3.0
Necromancy     | 1 2 3 |  3.0
Translocations | 1 2 3 |  3.0
Transmutations | 1 2 3 |  3.0
Fire Magic     | 1 2 3 |  3.0
Ice Magic      | 1 2 3 |  3.0
Air Magic      | 1 2 3 |  3.0
Earth Magic    | 1 2 3 |  3.0
Poison Magic   | 1 2 3 |  3.0
Armour         | 3 4 |  4.5
Fighting       | 5 |  5.9
Maces & Flails | 5 |  5.9
Dodging        | 5 |  5.9
Charms         | 6 |  6.3

Action                   |  1- 3 |  4- 6 |  7- 9 || total
-------------------------+-------+-------+-------++-------
Melee: Mace              |   109 |   133 |   315 ||   557
       Bite              |    11 |    21 |    32 ||    64
       Punch             |       |     1 |     3 ||     4
Throw: Boomerang         |       |    18 |       ||    18
 Cast: Infusion          |     1 |     3 |    16 ||    20
       Shroud of Golubri |     1 |     3 |    14 ||    18
       Regeneration      |       |     3 |    11 ||    14
       Song of Slaying   |       |       |     4 ||     4
       Spectral Weapon   |       |       |     2 ||     2
  Use: Potion            |       |       |     2 ||     2
 Stab: Sleeping          |       |       |     3 ||     3
  Eat: Chunk             |     1 |     5 |     7 ||    13
       Ration            |       |     1 |     1 ||     2
Armor: Leather armour    |    32 |    28 |    53 ||   113
Dodge: Dodged            |   136 |   116 |   251 ||   503
